 Dungeon Crawl Stone Soup version 0.29.0-4-gdea44cf6ec (webtiles) character file.

Game seed: 16255353274402517515

13692 qw the Brawler (level 11, -2/109 HPs)
             Began as a Troll Cinder Acolyte on Aug 31, 2022.
             Was an Initiate of Ignis.
             Slain by an eight-headed hydra (12 damage)
             ... on level 2 of the Lair of Beasts.
             The game lasted 00:05:03 (10565 turns).

qw the Brawler (Troll Cinder Acolyte)              Turns: 10565, Time: 00:05:03

Health: -2/109     AC:  6    Str: 28    XL:     11   Next: 78%
Magic:  11/11      EV:  9    Int: 10    God:    Ignis [......]
Gold:   417        SH:  5    Dex:  5    Spells: 12/12 levels left

rFire   + + .      SeeInvis .     - Unarmed
rCold   . . .      Faith    .   (no shield)
rNeg    . . .      Spirit   .   m - +2 robe of Eragiet {rPois Regen+}
rPois   +          Reflect  +   (helmet restricted)
rElec   .          Harm     .   (no cloak)
rCorr   +          Rampage  .   (gloves unavailable)
Will    .....                   (boots unavailable)
Stlth   +.........              i - amulet of reflection
HPRegen 1.88/turn               b - ring of protection from fire
MPRegen 0.12/turn               a - ring of resist corrosion

@: about to teleport
A: large, unfitting armour, claws 3, regeneration 1, shaggy fur 1, tough skin 1
a: Renounce Religion, Rising Flame


You were on level 2 of the Lair of Beasts.
You worshipped Ignis.
Ignis was noncommittal.
You visited 3 branches of the dungeon, and saw 14 of its levels.

You collected 631 gold pieces.
You spent 214 gold pieces at shops.


Innate Abilities, Weirdness & Mutations

You are too large for most types of armour.
You have claws for hands.
Your natural rate of healing is unusually fast.
You are covered in fur. (AC +1)
You have tough skin. (AC +1)


   Skills:
 - Level 7.0 Fighting
 - Level 5.0 Throwing
 - Level 2.0 Dodging
 + Level 16.3 Unarmed Combat
 - Level 1.0 Spellcasting
 - Level 2.1 Fire Magic


You had 12 spell levels left.
You didn't know any spells.
Your spell library contained the following spells:

 Spells                   Type           Power      Damage    Failure   Level
 Scorch                   Fire           8%         2d5       22%         2

Inventory:

Armour
 m - the +2 robe of Eragiet (worn) {rPois Regen+}
   (You found it on level 4 of the Dungeon)

   rPois:     It protects you from poison.
   Regen:     It increases your rate of health regeneration.
 o - a +2 robe of fire resistance
Jewellery
 a - a ring of resist corrosion (right claw)
 b - a ring of protection from fire (left claw)
 h - a ring of fire
 i - an amulet of reflection (around neck)
Scrolls
 d - 5 scrolls of teleportation
 e - a scroll of enchant weapon
 g - 7 scrolls of identify
Potions
 c - 2 potions of mutation
 f - a potion of heal wounds
 j - 3 potions of might
 l - 5 potions of curing
 p - 3 potions of haste

Dungeon Overview and Level Annotations

Branches:
Dungeon (11/15)            Temple (1/1) D:6            Lair (2/5) D:10
    Orc (0/2) D:10
  Swamp: Lair:2-3    Shoals: Lair:2-3     Snake: Lair:2-3    Spider: Lair:2-3

Altars:
Ashenzari
Cheibriados
Dithmenos
Elyvilon
Fedhas
Gozag
Hepliaklqana
Kikubaaqudgha
Makhleb
Nemelex Xobeh
Qazlal
Ru
Sif Muna
Trog
Uskayaw
Vehumet
Wu Jian
Yredelemnul
Zin
The Shining One

Shops:
D:1 [   D:4 *


Message History

You kill the basilisk!
You feel sick.
You start resting.
You feel sick. x6
You are no longer poisoned.
HP restored.
A four-headed hydra comes into view.
The four-headed hydra roars!
The four-headed hydra moves out of view.
A cane toad and a five-headed hydra come into view.
The five-headed hydra roars!
A swamp worm comes into view.
10560 ||| Stepping ~*~*~tactically~*~*~ (stealth).
You tear one of the four-headed hydra's heads off!
The three-headed hydra grows two more!
You claw the five-headed hydra!
The five-headed hydra is lightly wounded.
The five-headed hydra bites you! x4; The five-headed hydra bites you.
You tear one of the five-headed hydra's heads off!
The four-headed hydra grows two more!
You scratch the six-headed hydra.
The six-headed hydra is lightly wounded.
You rip one of the six-headed hydra's heads off!
The five-headed hydra grows two more!
You claw the seven-headed hydra!
The seven-headed hydra is lightly wounded.
You tear one of the seven-headed hydra's heads off!
The six-headed hydra grows two more!
You mangle the eight-headed hydra!!
The eight-headed hydra is heavily wounded.
The eight-headed hydra bites you. The eight-headed hydra bites you!
You block the eight-headed hydra's attack.
The eight-headed hydra bites you.
The eight-headed hydra bites you but does no damage.
You block the eight-headed hydra's attack.
The eight-headed hydra bites you! x2
10565 ||| READING 6 scrolls of teleportation.
As you read the scroll of teleportation, it crumbles to dust.
You feel strangely unstable.
The eight-headed hydra bites you but does no damage.
The eight-headed hydra bites you.
The eight-headed hydra completely misses you.
The eight-headed hydra bites you!
You die... 77

7...7 ...F 77~~w 77~~~ 7..F~
77.D777777 7#..D@....7
#.........## .......
###.........# ..
.......#.##........##### ..#
...P................##.###...
PP........####.##.##.##P...#
#.........# ###...........#
#.......# ##..........#
##.......######...........#


You could see an eight-headed hydra, a five-headed hydra and a cane toad.

Vanquished Creatures
  A hydra (D:11)
  Pikel (D:8)
  An ugly thing (D:11)
  4 cane toads
  Joseph (D:10)
  A gargoyle (D:10)
  5 komodo dragons
  A hornet (D:9)
  Prince Ribbit (D:8)
  3 trolls
  Grinder (D:5)
  Sigmund (D:3)
  11 yaks (Lair:1)
  A wraith (D:10)
  3 basilisks
  3 wyverns
  A steam dragon (D:10)
  2 acid dragons
  7 water moccasins
  2 orc warriors
  2 sky beasts
  3 ice beasts
  5 ogres
  3 centaurs
  2 phantoms
  3 kobold brigands
  A gnoll sergeant (D:9)
  8 bullfrogs
  2 scorpions
  3 wights (D:7)
  14 killer bees
  An electric eel (Lair:1)
  2 howler monkeys
  4 hounds
  2 jellies
  7 orc priests
  Natasha (thrice) (D:4)
  4 iguanas
  7 orc wizards
  Robin (D:4)
  5 gnolls (D:9)
  5 adders
  A shadow imp (D:8)
  A white imp (D:8)
  An ufetubus (D:6)
  A worm (D:5)
  3 dart slugs
  25 orcs
  2 bats
  5 endoplasms
  2 giant cockroaches (D:1)
  17 goblins
  9 hobgoblins
  4 jackals (D:1)
  A quokka (D:2)
  5 ball pythons
  3 frilled lizards
  21 kobolds
  5 rats
244 creatures vanquished.

Vanquished Creatures (others)
  5 fungi
  2 plants (Lair:2)
7 creatures vanquished.

Grand Total: 251 creatures vanquished

Notes
Turn   | Place    | Note
-------+----------+-------------------------------------------
     0 | D:1      | qw the Troll Cinder Acolyte began the quest for the Orb.
     0 | D:1      | Reached XP level 1. HP: 22/22 MP: 1/1
     0 | D:1      | 0 ||| qw: Version: 0.1-a-97-g2dd2ca4
     0 | D:1      | 0 ||| qw: Game counter: 4614
     0 | D:1      | 0 ||| qw: Always use a shield: true
     0 | D:1      | 0 ||| qw: God list: Okawaru
     0 | D:1      | 0 ||| qw: Allow faded altars: false
     0 | D:1      | 0 ||| qw: Do Orc after D:15 true
     0 | D:1      | 0 ||| qw: Do second Lair branch before Depths: true
     0 | D:1      | 0 ||| qw: Lair rune preference: random
     0 | D:1      | 0 ||| qw: Plans: Normal
     0 | D:1      | 0 ||| PLANNING D:1-11
    94 | D:1      | 94 ||| Stepping ~*~*~tactically~*~*~ (stealth).
    96 | D:1      | 96 ||| Stepping ~*~*~tactically~*~*~ (stealth).
   111 | D:1      | Reached XP level 2. HP: 29/29 MP: 2/2
   159 | D:1      | 159 ||| Stepping ~*~*~tactically~*~*~ (stealth).
   202 | D:1      | Found Ryomocy's Antique Armour Shoppe.
   251 | D:1      | 251 ||| SHOPLISTING runed robe (66 gold, have 32).
   251 | D:1      | 251 ||| SHOPLISTING troll leather armour (270 gold, have
                  | 32).
   410 | D:1      | 410 ||| Stepping ~*~*~tactically~*~*~ (outnumbered).
   443 | D:1      | Reached skill level 4 in Unarmed Combat
   804 | D:1      | 804 ||| READING scroll labelled HYNABIR XUNTIH.
   805 | D:1      | 805 ||| READING 5 scrolls labelled EFY DOC ICWO.
   806 | D:1      | 806 ||| READING scroll labelled KEOCANNYUL.
   811 | D:1      | 811 ||| DRINKING 2 black potions.
   812 | D:1      | 812 ||| READING 4 scrolls of identify.
   812 | D:1      | 812 ||| IDENTIFYING fizzy grey potion
   813 | D:1      | 813 ||| READING 3 scrolls of identify.
   813 | D:1      | 813 ||| IDENTIFYING viscous golden potion
   814 | D:1      | 814 ||| DROPPING potion of attraction.
  1006 | D:2      | 1006 ||| Stepping ~*~*~tactically~*~*~ (hiding).
  1009 | D:2      | 1009 ||| Stepping ~*~*~tactically~*~*~ (hiding).
  1017 | D:2      | Reached XP level 3. HP: 36/36 MP: 3/3
  1570 | D:2      | 1570 ||| UPGRADING to amulet of guardian spirit.
  1575 | D:2      | 1575 ||| UPGRADING to amulet of reflection.
  1585 | D:2      | 1585 ||| DROPPING amulet of guardian spirit.
  1586 | D:2      | 1586 ||| READING scroll labelled KYDIFF QAECENK.
  1587 | D:2      | 1587 ||| READING 3 scrolls of identify.
  1587 | D:2      | 1587 ||| IDENTIFYING smoky silvery potion
  1738 | D:3      | Reached skill level 5 in Unarmed Combat
  1738 | D:3      | Reached XP level 4. HP: 27/44 MP: 4/4
  2079 | D:3      | 2079 ||| Stepping ~*~*~tactically~*~*~ (stealth).
  2090 | D:3      | Noticed Sigmund
  2092 | D:3      | 2092 ||| Stepping ~*~*~tactically~*~*~ (hiding).
  2093 | D:3      | 2093 ||| Stepping ~*~*~tactically~*~*~ (hiding).
  2103 | D:3      | 2103 ||| DRINKING potion of curing.
  2103 | D:3      | 2103 ||| (to cure confusion)
  2108 | D:3      | Killed Sigmund
  2109 | D:3      | Reached skill level 6 in Unarmed Combat
  2109 | D:3      | Reached XP level 5. HP: 42/50 MP: 5/5
  2109 | D:3      | Reached XP level 6. HP: 49/59 MP: 6/6
  2206 | D:3      | 2206 ||| Stepping ~*~*~tactically~*~*~ (hiding).
  2317 | D:3      | 2317 ||| UPGRADING to ring of protection from fire.
  2318 | D:3      | 2318 ||| DROPPING +6 ring of intelligence.
  2319 | D:3      | 2319 ||| READING 2 scrolls labelled LAITESAO DOAX.
  2320 | D:3      | 2320 ||| DROPPING scroll of noise.
  2394 | D:4      | Reached skill level 7 in Unarmed Combat
  2408 | D:4      | 2408 ||| Stepping ~*~*~tactically~*~*~ (stealth).
  2411 | D:4      | 2411 ||| Stepping ~*~*~tactically~*~*~ (stealth).
  2416 | D:4      | 2416 ||| Stepping ~*~*~tactically~*~*~ (stealth).
  2537 | D:4      | 2537 ||| Stepping ~*~*~tactically~*~*~ (hiding).
  2539 | D:4      | 2539 ||| Stepping ~*~*~tactically~*~*~ (stealth).
  2543 | D:4      | Noticed Robin
  2545 | D:4      | 2545 ||| INVOKING Fiery Armour.
  2547 | D:4      | 2547 ||| Stepping ~*~*~tactically~*~*~ (outnumbered).
  2553 | D:4      | 2553 ||| Stepping ~*~*~tactically~*~*~ (outnumbered).
  2558 | D:4      | Killed Robin
  2599 | D:4      | Reached skill level 1 in Throwing
  2613 | D:4      | Identified the +2 robe of Eragiet {rPois Regen+}
  2620 | D:4      | Noticed Natasha
  2625 | D:4      | 2625 ||| Stepping ~*~*~tactically~*~*~ (hiding).
  2626 | D:4      | 2626 ||| Stepping ~*~*~tactically~*~*~ (hiding).
  2632 | D:4      | Killed Natasha
  2804 | D:4      | Found Luvvui's Assorted Antiques.
  2810 | D:4      | 2810 ||| BUYING 2 scrolls of identify (80 gold).
  2810 | D:4      | Bought 2 scrolls of identify for 80 gold pieces
  2810 | D:4      | 2810 ||| BUYING glowing robe (74 gold).
  2810 | D:4      | Bought a glowing robe for 74 gold pieces
  2810 | D:4      | 2810 ||| SHOPLISTING notched silver ring (100 gold, have
                  | 91).
  2810 | D:4      | 2810 ||| SHOPLISTING potion of heal wounds (100 gold, have
                  | 91).
  2810 | D:4      | 2810 ||| BUYING scroll of teleportation (60 gold).
  2810 | D:4      | Bought a scroll of teleportation for 60 gold pieces
  2859 | D:4      | Noticed Natasha
  2860 | D:4      | 2860 ||| Stepping ~*~*~tactically~*~*~ (hiding).
  2861 | D:4      | 2861 ||| Stepping ~*~*~tactically~*~*~ (hiding).
  2868 | D:4      | Killed Natasha
  2869 | D:4      | Reached XP level 7. HP: 66/66 MP: 7/7
  3065 | D:4      | Noticed Natasha
  3073 | D:4      | Killed Natasha
  3231 | D:4      | 3231 ||| UPGRADING to +2 robe of Eragiet {rPois Regen+}.
  3241 | D:4      | 3241 ||| DROPPING +0 robe.
  3242 | D:4      | 3242 ||| READING scroll labelled WIRGHA GUTOPUT.
  3243 | D:4      | 3243 ||| DRINKING 3 green potions.
  3244 | D:4      | 3244 ||| READING 7 scrolls of identify.
  3244 | D:4      | 3244 ||| IDENTIFYING brown potion
  3245 | D:4      | 3245 ||| READING 6 scrolls of identify.
  3245 | D:4      | 3245 ||| IDENTIFYING metallic blue potion
  3246 | D:4      | 3246 ||| DROPPING potion of berserk rage.
  3247 | D:4      | 3247 ||| DROPPING 2 potions of flight.
  3255 | D:5      | Entered Level 5 of the Dungeon
  3266 | D:5      | 3266 ||| Stepping ~*~*~tactically~*~*~ (stealth).
  3270 | D:5      | 3270 ||| Stepping ~*~*~tactically~*~*~ (stealth).
  3272 | D:5      | 3272 ||| Stepping ~*~*~tactically~*~*~ (hiding).
  3418 | D:5      | Reached skill level 8 in Unarmed Combat
  3559 | D:5      | Identified the +7 sling "Tuor" {freeze, Str+3}
  3692 | D:5      | Noticed Grinder
  3713 | D:5      | Killed Grinder
  3935 | D:5      | Reached skill level 3 in Throwing
  3935 | D:5      | Reached XP level 8. HP: 78/78 MP: 8/8
  3963 | D:5      | 3963 ||| INVOKING Fiery Armour.
  3964 | D:5      | 3964 ||| Stepping ~*~*~tactically~*~*~ (stealth).
  4184 | D:5      | 4184 ||| Stepping ~*~*~tactically~*~*~ (hiding).
  4207 | D:5      | 4207 ||| INVOKING Fiery Armour.
  4219 | D:5      | Reached skill level 9 in Unarmed Combat
  4270 | D:5      | 4270 ||| READING scroll labelled DAUPLANEIMU.
  4324 | D:6      | 4324 ||| Stepping ~*~*~tactically~*~*~ (stealth).
  4327 | D:6      | Reached skill level 1 in Dodging
  4343 | D:6      | 4343 ||| INVOKING Fiery Armour.
  4355 | D:6      | Reached skill level 10 in Unarmed Combat
  4737 | D:6      | Reached XP level 9. HP: 84/84 MP: 9/9
  4791 | D:6      | Found a staircase to the Ecumenical Temple.
  5097 | D:6      | Reached skill level 11 in Unarmed Combat
  5106 | D:6      | 5106 ||| READING scroll labelled KOOTUCVENE.
  5107 | D:6      | 5107 ||| READING scroll labelled IGUSKAG WASS.
  5108 | D:6      | 5108 ||| READING scroll labelled TYXTAKHL ZIBBUI.
  5180 | D:7      | 5180 ||| Stepping ~*~*~tactically~*~*~ (outnumbered).
  5181 | D:7      | 5181 ||| Stepping ~*~*~tactically~*~*~ (outnumbered).
  5182 | D:7      | 5182 ||| Stepping ~*~*~tactically~*~*~ (outnumbered).
  5398 | D:7      | Noticed a gargoyle
  5403 | D:7      | 5403 ||| INVOKING Fiery Armour.
  5407 | D:7      | HP: 19/84 [gargoyle/+0 mace (7)]
  5408 | D:7      | 5408 ||| READING 4 scrolls of teleportation.
  5409 | D:7      | 5409 ||| DRINKING 5 potions of heal wounds.
  5412 | D:7      | HP: 21/84 [gargoyle/+0 mace (17)]
  5413 | D:7      | 5413 ||| DRINKING 4 potions of heal wounds.
  5931 | D:8      | Identified the +0 leather armour of the Eternal Fruit
                  | {rElec rPois rF- Dex+7}
  5957 | D:8      | Noticed Pikel
  5958 | D:8      | 5958 ||| Stepping ~*~*~tactically~*~*~ (stealth).
  5960 | D:8      | 5960 ||| Stepping ~*~*~tactically~*~*~ (stealth).
  5968 | D:8      | 5968 ||| Stepping ~*~*~tactically~*~*~ (outnumbered).
  5969 | D:8      | 5969 ||| Stepping ~*~*~tactically~*~*~ (outnumbered).
  5970 | D:8      | 5970 ||| Stepping ~*~*~tactically~*~*~ (outnumbered).
  5974 | D:8      | 5974 ||| Stepping ~*~*~tactically~*~*~ (outnumbered).
  5975 | D:8      | 5975 ||| Stepping ~*~*~tactically~*~*~ (outnumbered).
  5976 | D:8      | 5976 ||| Stepping ~*~*~tactically~*~*~ (outnumbered).
  5977 | D:8      | 5977 ||| Stepping ~*~*~tactically~*~*~ (outnumbered).
  5978 | D:8      | 5978 ||| Stepping ~*~*~tactically~*~*~ (outnumbered).
  5980 | D:8      | 5980 ||| Stepping ~*~*~tactically~*~*~ (outnumbered).
  5981 | D:8      | 5981 ||| Stepping ~*~*~tactically~*~*~ (outnumbered).
  5982 | D:8      | 5982 ||| Stepping ~*~*~tactically~*~*~ (outnumbered).
  5983 | D:8      | 5983 ||| Stepping ~*~*~tactically~*~*~ (outnumbered).
  5984 | D:8      | 5984 ||| Stepping ~*~*~tactically~*~*~ (outnumbered).
  5985 | D:8      | 5985 ||| Stepping ~*~*~tactically~*~*~ (outnumbered).
  5986 | D:8      | Killed Pikel
  5987 | D:8      | Reached skill level 12 in Unarmed Combat
  5998 | D:8      | 5998 ||| FLEEEEING.
  5999 | D:8      | 5999 ||| FLEEEEING.
  6000 | D:8      | 6000 ||| FLEEEEING.
  6005 | D:8      | 6005 ||| Stepping ~*~*~tactically~*~*~ (hiding).
  6007 | D:8      | 6007 ||| Stepping ~*~*~tactically~*~*~ (hiding).
  6008 | D:8      | 6008 ||| Stepping ~*~*~tactically~*~*~ (hiding).
  6009 | D:8      | 6009 ||| Stepping ~*~*~tactically~*~*~ (hiding).
  6010 | D:8      | 6010 ||| Stepping ~*~*~tactically~*~*~ (hiding).
  6011 | D:8      | 6011 ||| Stepping ~*~*~tactically~*~*~ (hiding).
  6022 | D:8      | 6022 ||| Stepping ~*~*~tactically~*~*~ (hiding).
  6135 | D:8      | 6135 ||| Stepping ~*~*~tactically~*~*~ (stealth).
  6137 | D:8      | 6137 ||| Stepping ~*~*~tactically~*~*~ (stealth).
  6208 | D:8      | 6208 ||| Stepping ~*~*~tactically~*~*~ (outnumbered).
  6209 | D:8      | 6209 ||| Stepping ~*~*~tactically~*~*~ (outnumbered).
  6210 | D:8      | 6210 ||| Stepping ~*~*~tactically~*~*~ (outnumbered).
  6211 | D:8      | 6211 ||| Stepping ~*~*~tactically~*~*~ (outnumbered).
  6212 | D:8      | 6212 ||| Stepping ~*~*~tactically~*~*~ (outnumbered).
  6235 | D:8      | 6235 ||| Stepping ~*~*~tactically~*~*~ (stealth).
  6238 | D:8      | 6238 ||| Stepping ~*~*~tactically~*~*~ (stealth).
  6240 | D:8      | 6240 ||| Stepping ~*~*~tactically~*~*~ (stealth).
  6248 | D:8      | 6248 ||| INVOKING Fiery Armour.
  6275 | D:8      | Found a flagged portal.
  6294 | D:8      | Noticed Prince Ribbit
  6299 | D:8      | Killed Prince Ribbit
  6301 | D:8      | 6301 ||| Stepping ~*~*~tactically~*~*~ (stealth).
  6307 | D:8      | 6307 ||| Stepping ~*~*~tactically~*~*~ (stealth).
  6309 | D:8      | 6309 ||| Stepping ~*~*~tactically~*~*~ (stealth).
  6310 | D:8      | 6310 ||| Stepping ~*~*~tactically~*~*~ (stealth).
  6566 | D:9      | 6566 ||| STAIRDANCE
  6578 | D:9      | 6578 ||| INVOKING Fiery Armour.
  6580 | D:9      | Reached XP level 10. HP: 49/96 MP: 10/10
  6583 | D:9      | 6583 ||| STAIRDANCE
  6787 | D:9      | Paralysed by a hornet for 3 turns
  6978 | D:9      | 6978 ||| Stepping ~*~*~tactically~*~*~ (outnumbered).
  7144 | D:9      | 7144 ||| INVOKING Fiery Armour.
  7320 | D:9      | Reached skill level 13 in Unarmed Combat
  7368 | D:9      | 7368 ||| READING 8 scrolls of identify.
  7368 | D:9      | 7368 ||| IDENTIFYING yellow potion
  7378 | D:10     | Entered Level 10 of the Dungeon
  7391 | D:10     | 7391 ||| Stepping ~*~*~tactically~*~*~ (stealth).
  7401 | D:10     | 7401 ||| INVOKING Fiery Armour.
  7538 | D:10     | Noticed Joseph
  7539 | D:10     | 7539 ||| Stepping ~*~*~tactically~*~*~ (hiding).
  7545 | D:10     | Killed Joseph
  7759 | D:10     | 7759 ||| INVOKING Fiery Armour.
  7761 | D:10     | Reached skill level 14 in Unarmed Combat
  7798 | D:10     | 7798 ||| Stepping ~*~*~tactically~*~*~ (hiding).
  7820 | D:10     | Reached skill level 6 in Fighting
  7825 | D:10     | Found a staircase to the Lair.
  7967 | D:10     | Noticed a gargoyle
  7974 | D:10     | 7974 ||| INVOKING Fiery Armour.
  7976 | D:10     | Killed a gargoyle
  8069 | D:10     | Found a staircase to the Orcish Mines.
  8136 | D:10     | 8136 ||| READING scroll labelled AMUYPP KUOF.
  8137 | D:10     | 8137 ||| READING 7 scrolls of identify.
  8137 | D:10     | 8137 ||| IDENTIFYING murky silvery potion
  8138 | D:10     | 8138 ||| DROPPING potion of degeneration.
  8337 | D:10     | 8337 ||| READING 6 scrolls of teleportation.
  8338 | D:10     | 8338 ||| STAIRDANCE
  8451 | D:11     | 8451 ||| Stepping ~*~*~tactically~*~*~ (hiding).
  8536 | D:11     | Noticed a seven-headed hydra
  8537 | D:11     | 8537 ||| INVOKING Fiery Armour.
  8541 | D:11     | Killed a nine-headed hydra
  8542 | D:11     | Reached XP level 11. HP: 44/105 MP: 11/11
  8695 | D:11     | 8695 ||| PLANNING TEMPLE
  8695 | D:11     | 8695 ||| READING 6 scrolls of identify.
  8695 | D:11     | 8695 ||| IDENTIFYING dark potion
  8696 | D:11     | 8696 ||| DROPPING potion of brilliance.
  8722 | D:11     | Noticed a green ugly thing
  8730 | D:11     | Killed a green ugly thing
  8834 | Temple   | Entered the Ecumenical Temple
  9225 | Temple   | 9225 ||| PLANNING LAIR
  9385 | Lair:1   | Entered Level 1 of the Lair of Beasts
  9394 | Lair:1   | Reached skill level 15 in Unarmed Combat
  9725 | Lair:1   | HP: 12/105 [komodo dragon (21)]
  9726 | Lair:1   | 9726 ||| READING 6 scrolls of teleportation.
  9727 | Lair:1   | 9727 ||| DRINKING 4 potions of heal wounds.
  9851 | Lair:1   | 9851 ||| Stepping ~*~*~tactically~*~*~ (outnumbered).
  9852 | Lair:1   | 9852 ||| Stepping ~*~*~tactically~*~*~ (outnumbered).
  9863 | Lair:1   | Reached skill level 16 in Unarmed Combat
  9863 | Lair:1   | HP: 17/105 [yak (12)]
  9864 | Lair:1   | 9864 ||| READING 5 scrolls of teleportation.
  9865 | Lair:1   | 9865 ||| DRINKING 3 potions of heal wounds.
  9866 | Lair:1   | 9866 ||| DRINKING 2 potions of heal wounds.
  9957 | Lair:1   | 9957 ||| Stepping ~*~*~tactically~*~*~ (stealth).
  9979 | Lair:1   | 9979 ||| Stepping ~*~*~tactically~*~*~ (outnumbered).
  9981 | Lair:1   | 9981 ||| Stepping ~*~*~tactically~*~*~ (outnumbered).
  9982 | Lair:1   | 9982 ||| Stepping ~*~*~tactically~*~*~ (outnumbered).
  9983 | Lair:1   | 9983 ||| Stepping ~*~*~tactically~*~*~ (outnumbered).
  9984 | Lair:1   | 9984 ||| Stepping ~*~*~tactically~*~*~ (outnumbered).
  9985 | Lair:1   | 9985 ||| Stepping ~*~*~tactically~*~*~ (outnumbered).
  9986 | Lair:1   | 9986 ||| Stepping ~*~*~tactically~*~*~ (outnumbered).
  9987 | Lair:1   | 9987 ||| Stepping ~*~*~tactically~*~*~ (outnumbered).
  9988 | Lair:1   | 9988 ||| Stepping ~*~*~tactically~*~*~ (outnumbered).
  9989 | Lair:1   | 9989 ||| Stepping ~*~*~tactically~*~*~ (outnumbered).
  9990 | Lair:1   | 9990 ||| Stepping ~*~*~tactically~*~*~ (outnumbered).
  9991 | Lair:1   | 9991 ||| Stepping ~*~*~tactically~*~*~ (outnumbered).
  9992 | Lair:1   | 9992 ||| Stepping ~*~*~tactically~*~*~ (outnumbered).
  9993 | Lair:1   | 9993 ||| Stepping ~*~*~tactically~*~*~ (outnumbered).
  9994 | Lair:1   | 9994 ||| Stepping ~*~*~tactically~*~*~ (outnumbered).
  9995 | Lair:1   | 9995 ||| Stepping ~*~*~tactically~*~*~ (outnumbered).
  9996 | Lair:1   | 9996 ||| Stepping ~*~*~tactically~*~*~ (outnumbered).
  9997 | Lair:1   | 9997 ||| Stepping ~*~*~tactically~*~*~ (outnumbered).
  9998 | Lair:1   | 9998 ||| Stepping ~*~*~tactically~*~*~ (outnumbered).
  9999 | Lair:1   | 9999 ||| Stepping ~*~*~tactically~*~*~ (outnumbered).
 10196 | Lair:1   | Found a dark tunnel.
 10359 | Lair:1   | 10359 ||| UPGRADING to ring of resist corrosion.
 10360 | Lair:1   | 10360 ||| READING 8 scrolls of identify.
 10360 | Lair:1   | 10360 ||| IDENTIFYING silvery potion
 10361 | Lair:1   | 10361 ||| DROPPING potion of ambrosia.
 10387 | Lair:2   | 10387 ||| STAIRDANCE
 10399 | Lair:2   | 10399 ||| STAIRDANCE
 10558 | Lair:2   | Noticed a four-headed hydra
 10559 | Lair:2   | Noticed a five-headed hydra
 10560 | Lair:2   | 10560 ||| Stepping ~*~*~tactically~*~*~ (stealth).
 10564 | Lair:2   | HP: 24/109 [eight-headed hydra (12)]
 10564 | Lair:2   | HP: 11/109 [eight-headed hydra (13)]
 10565 | Lair:2   | 10565 ||| READING 6 scrolls of teleportation.
 10565 | Lair:2   | Slain by an eight-headed hydra

Levels and vault maps discovered:
D:1:      kennysheep_arrival_seaside, layout_basic, serial_shops,
          nicolae_shop_hallway_plus
D:2:      layout_basic, kennysheep_boxes
D:3:      layout_basic, uniq_sigmund
D:4:      dreamdust_elfheim, layout_rooms, serial_glass, glass_columns_c,
          glass_columns_a, serial_shops, kennysheep_little_box,
          chequers_serial_rivers_small_b, uniq_natasha, uniq_robin
D:5:      layout_basic, uniq_grinder
D:6:      layout_cave_pods, minmay_temple_entry_drinking_statues
D:7:      layout_cave_pods, minmay_hedge_maze
D:8:      layout_basic, enter_bailey_2, minmay_circle_x, uniq_prince_ribbit1,
          uniq_pikel
D:9:      layout_gridville, grunt_ministairs_11
D:10:     layout_loops_ring, nicolae_overflow_hidden_temple, erik_lair_dragon,
          orc_0_dummy, uniq_joseph
D:11:     nicolae_cairo_tiling_very_big, layout_irregular_city
Temple:   mainiacjoe_temple_big_plus
Lair:1:   layout_regular_city, nicolae_volcano_entry_s_turn, lemuel_fruit_tree,
          grunt_megastairs_3, infiniplex_staircase_pool
Lair:2:   layout_chaotic_city, palyth_hydra_swamp_entry

Skill      XL: |  1  2  3  4  5  6  7  8  9 10 11 |
---------------+----------------------------------+-----
Unarmed Combat | 4 5 6 7 8 10 12 14 16 | 16.3
Throwing       | 1 3 4 5 |  5.0
Fighting       | 4 5 6 7 |  7.0
Dodging        | 1 2 |  2.0
Spellcasting   | |  1.0
Fire Magic     | |  2.1

Action                   |  1- 3 |  4- 6 |  7- 9 | 10-12 || total
-------------------------+-------+-------+-------+-------++-------
Melee: Unarmed           |   114 |    90 |   191 |   236 ||   631
       Punch             |       |     2 |     3 |     7 ||    12
Throw: Large rock        |       |     5 |    37 |     7 ||    49
       Javelin           |       |       |    20 |    21 ||    41
       Boomerang         |       |       |    11 |    26 ||    37
Invok: Fiery Armour      |       |     1 |     6 |     5 ||    12
  Use: Scroll            |     7 |     1 |     8 |     9 ||    25
       Potion            |     1 |     1 |     3 |     3 ||     8
Armor: Robe              |    32 |    28 |    52 |    72 ||   184
Dodge: Dodged            |    39 |    21 |    60 |    94 ||   214
Block: Other             |       |    14 |    32 |    52 ||    98
       Reflection        |       |     3 |     2 |     1 ||     6

Table legend:
 A = Non-vault XP
 B = Vault XP
 C = Vault XP percentage of total XP
 D = Non-vault monster count
 E = Vault monster count
 F = Vault count percentage of total count
                 A         B        C        D         E       F
            +---------+---------+-------+---------+---------+-------
      Total |   15640 |    3920 |  20.0 |     208 |      36 |  14.8
            +---------+---------+-------+---------+---------+-------
        D:1 |      34 |       0 |   0.0 |      21 |       0 |   0.0
        D:2 |      22 |       0 |   0.0 |      13 |       0 |   0.0
        D:3 |     122 |     226 |  64.9 |      20 |       1 |   4.8
        D:4 |     328 |      73 |  18.2 |      13 |      14 |  51.9
        D:5 |     759 |     286 |  27.4 |      19 |       1 |   5.0
        D:6 |    1250 |       0 |   0.0 |      17 |       0 |   0.0
        D:7 |     602 |       0 |   0.0 |       9 |       0 |   0.0
        D:8 |     557 |    1197 |  68.2 |      23 |       7 |  23.3
        D:9 |    1149 |     444 |  27.9 |      21 |       6 |  22.2
       D:10 |    1505 |    1543 |  50.6 |      11 |       6 |  35.3
       D:11 |    2282 |       0 |   0.0 |       9 |       0 |   0.0
     Lair:1 |    5668 |     151 |   2.6 |      27 |       1 |   3.6
     Lair:2 |    1362 |       0 |   0.0 |       5 |       0 |   0.0
            +---------+---------+-------+---------+---------+-------
